 Seeded DCSS version 0.25.1-8-g42b30a86e7 (webtiles) character file.

Game seed: 20201210 (custom seed)

13141 radhat240 the Unseen (level 11, -5/53 HPs)
             Began as a Spriggan Assassin on Dec 15, 2020.
             Was the Champion of Dithmenos.
             Killed from afar by a deep elf mage (34 damage)
             ... with a bolt of magma
             ... on level 10 of the Dungeon.
             The game lasted 00:34:55 (8589 turns).

radhat240 the Unseen (Spriggan Assassin)            Turns: 8589, Time: 00:34:55

Health: -5/53      AC:  7    Str: 11    XL:     11   Next: 71%
Magic:  12/12      EV: 26    Int: 13    God:    Dithmenos [******]
Gold:   603        SH:  0    Dex: 18    Spells: 8/10 levels left

rFire    . . .     SeeInvis +   n - +8 dagger "Nayrioqem" {elec, rElec rN+++ Str-5 Stlth+}
rCold    . . .     Gourm    .   (shield restricted)
rNeg     + + +     Faith    .   b - +2 robe
rPois    .         Spirit   .   i - +0 hat
rElec    +         Reflect  .   c - +2 cloak
rCorr    .         Harm     .   (gloves unavailable)
MR       +....                  (boots unavailable)
Stlth    ++++++++++             j - amulet of regeneration
HPRegen  0.57/turn              u - ring of flight
MPRegen  0.13/turn              o - +6 ring of strength

@: wreathed by umbra, very quick
A: very small, unfitting armour, see invisible, herbivore, speed 3, slow
metabolism 2
a: Shadow Step, Shadow Form, Renounce Religion, Evoke Flight


You were on level 10 of the Dungeon.
You worshipped Dithmenos.
Dithmenos was exalted by your worship.
You were not hungry.

You visited 2 branches of the dungeon, and saw 11 of its levels.
You also visited: Sewer and Bailey.

You collected 603 gold pieces.

Inventory:

Hand Weapons
 a - a +2 dagger
 n - the +8 dagger "Nayrioqem" (weapon) {elec, rElec rN+++ Str-5 Stlth+}
   (You found it on level 5 of the Dungeon)

   Occasionally, upon striking a foe, it will discharge some electrical energy
   and cause terrible harm.
   It affects your strength (-5).
   It insulates you from electricity.
   It renders you almost immune to negative energy.
   It makes you more stealthy.
Missiles
 d - 50 poisoned darts (quivered)
 e - 2 curare-tipped darts
 h - 11 atropa-tipped darts
Armour
 b - a +2 robe (worn)
 c - a +2 cloak (worn)
 i - a +0 hat (worn)
 p - a +0 pair of gloves
Jewellery
 g - the ring of Keihuv {MR++ MP+9}
   (You found it in a bailey)

   [ring of magical power]

   It affects your resistance to hostile enchantments.
   It affects your magic capacity (+9).
 j - an amulet of regeneration (around neck)
 k - an uncursed amulet of faith {unknown}
 o - a +6 ring of strength (right hand)
 t - an uncursed ring of protection from fire {unknown}
 u - a ring of flight (left hand)
 J - a cursed -4 ring of slaying {unknown}
Wands
 I - a wand of random effects (14)
 K - a wand of polymorph (8)
Scrolls
 m - 4 scrolls of amnesia
 q - 6 scrolls of remove curse
 s - 8 scrolls of teleportation
 v - 4 scrolls of blinking
 w - 2 scrolls of fear {unknown}
 y - 2 scrolls of magic mapping {unknown}
 C - 3 scrolls of enchant weapon {unknown}
 D - a scroll of noise {unknown}
 G - a scroll of identify
 H - a scroll of immolation
Potions
 l - a potion of brilliance {unknown}
 r - 2 potions of curing {unknown}
 x - 4 potions of haste {unknown}
 z - 2 potions of ambrosia {unknown}
 A - 2 potions of magic {unknown}
 B - 3 potions of might {unknown}
 E - 3 potions of heal wounds {unknown}
 F - a potion of mutation {unknown}
Comestibles
 f - 24 rations


   Skills:
 + Level 3.9 Fighting
 * Level 9.9 Short Blades
 + Level 3.0 Throwing
 * Level 10.0 Dodging
 * Level 20.6 Stealth


You had 8 spell levels left.
You knew the following spells:

 Your Spells              Type           Power        Failure   Level  Hunger
a - Apportation           Tloc           #.....       30%         1    ##.....
b - Summon Small Mammal   Summ           #...         30%         1    ##.....

Your spell library contained the following spells:

 Spells                   Type           Power        Failure   Level  Hunger
 Animate Skeleton         Necr           N/A          30%         1    ##.....
 Corona                   Hex            #......      30%         1    ##.....


Dungeon Overview and Level Annotations

Branches:
Dungeon (10/15)            Temple (1/1) D:6            Lair (0/6) D:9
  Sewer (visited)          Bailey (visited)
    Orc: D:9-12

Altars:
Ashenzari
Cheibriados
Dithmenos
Elyvilon
Fedhas
Gozag
Hepliaklqana
Kikubaaqudgha
Makhleb
Nemelex Xobeh
Okawaru
Qazlal
Ru
Sif Muna
Trog
Uskayaw
Vehumet
Wu Jian
Xom
Yredelemnul
Zin
The Shining One

Annotations:
D:9 Erica, Psyche


Innate Abilities, Weirdness & Mutations

You are very small and have problems with some larger weapons.
You are too small for most types of armour.
You have supernaturally acute eyesight. (SInv)
You are a herbivore.
You cover ground extremely quickly.
You need to consume almost no food.


Message History

The deep elf mage misses you.
You hit the deep elf mage.
The deep elf mage is heavily wounded.
The adder closely misses you.
You hit the deep elf mage.
The deep elf mage is heavily wounded.
Your shadow closely misses the deep elf mage.
The deep elf mage gestures at you while chanting.
The stone arrow misses you.
The ogre mage hits you from afar with a +0 halberd.
You barely miss the deep elf mage.
The deep elf mage is heavily wounded.
Your shadow closely misses the deep elf mage.
The adder misses you.
You hit the deep elf mage.
The deep elf mage is severely wounded.
The deep elf mage casts a spell at you. The bolt of magma hits you!!
Ouch! That really hurt!
You die...

............................##
.#####........##.....#..#......
.# #.#....#.##.#####..##..###
.# #.##..###...# #..#...# .#
#.###..#.########..#..## .#
#.###...## ........#..# ## .#
#.#.....#.########.#..#####. .#
#.#.#####WS.### ##†#........
.## #.#.# #Z5e@..###...........
..## #.†.#
#.O#...).####........ ##.#
###.. #...###.....##########
#.# #####..##?###..### ####
##.# #... )(?#...'.### #...
...# ####[.###:##..##...####.##
##.# #.#... #+#...#......###
...#####.### #..##..#..(..#
###†.†.....### ....#...###..##


You could see an ogre mage (invisible), a deep elf mage, a wraith, a quasit, an
adder and a wyvern zombie.

Vanquished Creatures
  An orc warlord (Bailey)
  Harold (D:7)
  Erolcha (D:9)
  2 two-headed ogres (D:8)
  A death yak (D:9)
  An unseen horror (D:10)
  2 orc knights (Bailey)
  Pikel (D:5)
  Joseph (D:8)
  2 centaur skeletons (D:10)
  2 hippogriffs
  A basilisk (D:9)
  9 yaks (D:10)
  An ice beast (D:5)
  13 orc warriors
  A phantom (D:9)
  A black bear (D:7)
  2 ogres
  3 centaurs
  A crocodile (D:10)
  6 bullfrogs
  A wyvern skeleton (D:10)
  A scorpion (D:9)
  15 killer bees
  6 crimson imps
  A hound (D:10)
  A jelly (D:5)
  A quasit (D:7)
  5 orc wizards
  3 orc priests
  A bullfrog skeleton (D:5)
  3 iguanas
  7 worker ants
  10 gnolls
  12 adders
  2 shadow imps
  An ooze (D:2)
  An adder skeleton (D:4)
  5 worms
  4 dart slugs
  6 leopard geckos
  35 orcs
  6 ball pythons (Sewer)
  6 bats (D:1)
  8 giant cockroaches
  23 goblins
  35 hobgoblins
  10 jackals
  13 kobolds
  8 frilled lizards
  A leopard gecko skeleton (D:5)
  A leopard gecko zombie (D:9)
  12 rats
  4 plants (Sewer)
301 creatures vanquished.

Vanquished Creatures (others)
  A crimson imp (D:5)
  2 hounds (D:5)
  An adder skeleton (D:5)
4 creatures vanquished.

Grand Total: 305 creatures vanquished

Notes
Turn   | Place    | Note
-------+----------+-------------------------------------------
     0 | D:1      | radhat240 the Spriggan Assassin began the quest for the
                  | Orb.
     0 | D:1      | Reached XP level 1. HP: 10/10 MP: 2/2
   152 | D:2      | Reached skill level 6 in Stealth
   210 | D:2      | Reached XP level 2. HP: 14/14 MP: 3/3
   227 | D:2      | Found a shadowy altar of Dithmenos.
   229 | D:2      | Found a basalt altar of Yredelemnul.
   229 | D:2      | Found a radiant altar of Vehumet.
   235 | D:2      | Became a worshipper of Dithmenos the Shadowed
   325 | D:5      | Entered Level 5 of the Dungeon
   329 | D:5      | Got a faintly glowing dagger
   330 | D:5      | Identified the +8 dagger "Nayrioqem" {elec, rElec rN+++
                  | Str-5 Stlth+} (You found it on level 5 of the Dungeon)
   419 | D:5      | Noticed an ice beast
   461 | D:5      | Noticed a slave
   462 | D:5      | Noticed Pikel
   462 | D:5      | Noticed a slave
   462 | D:5      | Noticed a slave
   466 | D:5      | Noticed a slave
   467 | D:5      | Killed Pikel
   467 | D:5      | Reached skill level 10 in Stealth
   467 | D:5      | Reached XP level 3. HP: 18/18 MP: 4/4
   467 | D:5      | Reached XP level 4. HP: 23/23 MP: 5/5
   467 | D:5      | Reached XP level 5. HP: 26/26 MP: 6/6
   467 | D:5      | Reached XP level 6. HP: 30/30 MP: 7/7
   565 | D:5      | Killed an ice beast
   565 | D:5      | Reached skill level 11 in Stealth
   565 | D:5      | Reached XP level 7. HP: 16/35 MP: 8/8
   975 | D:1      | You fall into a shaft and drop 1 floor!
  1051 | D:1      | Reached * piety under Dithmenos
  2083 | D:3      | Reached ** piety under Dithmenos
  2739 | D:4      | Reached skill level 12 in Stealth
  2929 | D:4      | Noticed a moth of wrath
  2932 | D:4      | Found a bloodstained altar of Trog.
  3609 | D:6      | Found a staircase to the Ecumenical Temple.
  3610 | D:6      | Reached *** piety under Dithmenos
  3625 | D:6      | Found a glowing drain.
  3649 | D:6      | Reached XP level 8. HP: 34/39 MP: 9/9
  3654 | Sewer    | Entered a sewer
  4335 | D:6      | Reached skill level 13 in Stealth
  4408 | D:6      | Found a shattered altar of Ashenzari.
  4518 | D:6      | Reached skill level 5 in Short Blades
  4541 | Temple   | Entered the Ecumenical Temple
  4778 | D:6      | Reached skill level 14 in Stealth
  4943 | D:6      | Found an ancient bone altar of Kikubaaqudgha.
  4967 | D:6      | Learned a level 1 spell: Apportation
  4969 | D:6      | Learned a level 1 spell: Summon Small Mammal
  4993 | D:6      | Reached **** piety under Dithmenos
  5217 | D:7      | Noticed Harold
  5219 | D:7      | Killed Harold
  5219 | D:7      | Reached skill level 5 in Dodging
  5219 | D:7      | Reached skill level 15 in Stealth
  5219 | D:7      | Reached XP level 9. HP: 43/43 MP: 10/10
  5395 | D:7      | Reached skill level 16 in Stealth
  5445 | D:7      | Found a sacrificial altar of Ru.
  5491 | D:7      | Found a white marble altar of Elyvilon.
  6167 | D:8      | Noticed Joseph
  6168 | D:8      | Killed Joseph
  6177 | D:8      | Found a flagged portal.
  6177 | D:8      | Noticed a two-headed ogre
  6178 | D:8      | Noticed a two-headed ogre
  6186 | Bailey   | Entered a bailey
  6350 | Bailey   | Reached skill level 17 in Stealth
  6391 | Bailey   | Reached ***** piety under Dithmenos
  6650 | Bailey   | Noticed an orc knight
  6650 | Bailey   | Noticed an orc warlord
  6650 | Bailey   | Noticed an orc knight
  6666 | Bailey   | Reached XP level 10. HP: 49/49 MP: 11/11
  6666 | Bailey   | Killed an orc warlord
  6666 | Bailey   | Killed an orc knight
  6666 | Bailey   | Reached skill level 18 in Stealth
  6693 | Bailey   | Killed an orc knight
  6770 | Bailey   | Got a flickering jade ring
  6786 | Bailey   | Identified the ring of Keihuv {MR++ MP+9} (You found it in
                  | a bailey)
  6787 | Bailey   | Identified 2 scrolls of acquirement
  6787 | Bailey   | Acquired an uncursed ring of flight
  6794 | Bailey   | Acquired a +0 hat
  6930 | D:8      | Killed a two-headed ogre
  6932 | D:8      | Killed a two-headed ogre
  7017 | D:8      | Reached XP level 11. HP: 52/52 MP: 12/12
  7309 | D:8      | You fall into a shaft and drop 1 floor!
  7324 | D:9      | Noticed Erolcha
  7337 | D:9      | Killed Erolcha
  7337 | D:9      | Reached skill level 19 in Stealth
  7363 | D:9      | Found a staircase to the Lair.
  7364 | D:9      | Noticed a death yak
  7404 | D:9      | Found a snail-covered altar of Cheibriados.
  7785 | D:9      | Killed a death yak
  7996 | D:9      | Noticed Psyche
  7996 | D:9      | Noticed Erica
  8028 | D:10     | Entered Level 10 of the Dungeon
  8366 | D:10     | Reached skill level 20 in Stealth
  8392 | D:10     | Reached ****** piety under Dithmenos
  8572 | D:10     | Noticed a deep elf mage
  8573 | D:10     | Noticed an unseen horror
  8574 | D:10     | Noticed an ogre mage
  8580 | D:10     | Killed an unseen horror
  8580 | D:10     | Reached skill level 10 in Dodging
  8589 | D:10     | Killed from afar by a deep elf mage

Illustrated notes

Levels and vault maps discovered:
D:1:      dpeg_arrival_snail, layout_basic
D:2:      layout_basic, chequers_temple_overflow_statue_of_worship,
          minmay_hedge_maze, minmay_misc_feat_five
D:3:      layout_basic
D:4:      layout_loops_ring, tgw_trog, first_ration, minmay_distorted
D:5:      layout_basic, kennysheep_nub, minmay_fractal_squares_diagonal_5,
          uniq_pikel
D:6:      layout_loops_ring, kennysheep_mini_moat,
          minmay_temple_entry_overgrown, gup_sewer_entry_glass,
          cheibrodos_ashenzari_chains
D:7:      layout_layer_cave, nicolae_overflow_crystal_walls,
          lemuel_doored_altar, uniq_harold
D:8:      layout_rooms, enter_bailey_6, uniq_joseph
D:9:      layout_layer_cave, cheibriados_altar_1, david_lair_generic,
          uniq_psyche, uniq_erica, uniq_erolcha
D:10:     minmay_slanted_spiral_squares, layout_loops_ring
Temple:   eino_narrow_crystal_temple

Skill      XL: |  1  2  3  4  5  6  7  8  9 10 11 |
---------------+----------------------------------+-----
Stealth        | 6 10 11 12 15 17 18 20 | 20.6
Fighting       | 2 3 |  3.9
Short Blades   | 3 4 6 7 9 |  9.9
Dodging        | 2 3 5 6 8 10 | 10.0
Throwing       | 3 |  3.0

Action                   |  1- 3 |  4- 6 |  7- 9 | 10-12 || total
-------------------------+-------+-------+-------+-------++-------
Melee: Dagger            |    11 |     7 |   425 |   195 ||   638
Throw: Dart              |       |       |     2 |     1 ||     3
  Use: Scroll            |       |       |    11 |     2 ||    13
 Stab: Sleeping          |     6 |       |    77 |    35 ||   118
       Distracted        |       |     1 |     2 |     1 ||     4
  Eat: Ration            |       |       |     1 |     2 ||     3
Armor: Robe              |       |       |    13 |     6 ||    19
Dodge: Dodged            |     4 |     4 |   265 |   136 ||   409
